[Event "4NCL 2021-22"]
[Site "England"]
[Date "2022.03.27"]
[Round "6.45"]
[White "Webb, Laurence E"]
[Black "Morrison, Graham"]
[Result "1-0"]
[ECO "A01"]
[WhiteElo "2256"]
[BlackElo "2258"]
[Annotator "NA"]
[PlyCount "169"]
[EventDate "2021.11.27"]
[EventType "team-tourn"]
[EventCountry "ENG"]
[SourceTitle "playchess.com"]
[Source "ChessBase"]
[SourceQuality "1"]
[TimeControl "40/6000+30:3000+30"]

1. b3 e5 2. Bb2 Nc6 3. e3 Nf6 4. Bb5 Bd6 5. Na3 Na5 6. Be2 a6 7. c4 O-O 8. Nc2 Nc6 9. Nf3 Re8 10. d4 exd4 11. Nfxd4 Bf8 (11... Nxd4 $142 12. Bxd4 (12. Qxd4 Be5 $17) 12... c6) 12. Nxc6 bxc6 13. O-O c5 14. Bf3 Rb8 15. Re1 Ne4 16. Bxe4 Rxe4 17. f3 Re6 18. e4 a5 19. Bc3 a4 20. bxa4 Ra8 21. Ne3 d6 22. a5 Ba6 $16 23. Qd3 Qe8 24. Nd5 Rc8 25. a4 f6 26. f4 Qf7 27. f5 Ree8 28. Rab1 Rb8 29. Rb5 c6 30. Rxb8 Rxb8 31. Nb6 Re8 32. h3 Kh8 33. Re3 Qc7 34. Qe2 Qf7 35. Kf2 Kg8 36. g4 Qc7 37. Kg2 Qe7 38. Kf3 Qc7 39. Be1 Qf7 40. Bg3 Rd8 41. Bf4 g5 42. Bg3 h5 43. gxh5 Qxh5+ 44. Kg2 Qxe2+ 45. Rxe2 Kf7 46. Rd2 Be7 47. Kf3 Kg7 48. Rh2 Rh8 49. Ke3 Kf7 50. Kd3 Ke8 51. h4 gxh4 52. Rxh4 Rxh4 53. Bxh4 Bd8 54. Ke3 Ke7 55. Bg3 Bc7 56. Kf3 Ke8 57. Kg4 Ke7 58. Kh5 Kf7 59. Bf4 Kg7 60. Bg3 Kf7 61. Kh6 Bb7 62. Nd7 Bxa5 63. Bxd6 Ba6 64. e5 Bxc4 65. Nxf6 Bd3 66. Kg5 Bd2+ 67. Kg4 Be2+ 68. Kg3 Bd3 69. Nd7 Bxf5 70. Nxc5 Be3 71. a5 Bxc5 72. Bxc5 Bd3 73. Kf4 Ke6 74. Ke3 Bf1 75. Kd4 Kd7 76. Bd6 Kc8 77. e6 Bh3 78. e7 Kd7 79. Kc5 Bf1 80. Kb6 c5 81. Bxc5 Bg2 82. a6 Bd5 83. Ka7 Bc4 84. Kb7 Bd5+ 85. Kb8 1-0

[Event "4NCL 2021-22"]
[Site "England"]
[Date "2022.03.27"]
[Round "6.46"]
[White "Shafi, Declan"]
[Black "Ledger, Dave J"]
[Result "1-0"]
[ECO "D38"]
[WhiteElo "2188"]
[BlackElo "2148"]
[Annotator "NA"]
[PlyCount "127"]
[EventDate "2021.11.27"]
[EventType "team-tourn"]
[EventCountry "ENG"]
[SourceTitle "playchess.com"]
[Source "ChessBase"]
[SourceQuality "1"]
[TimeControl "40/6000+30:3000+30"]

1. d4 Nf6 2. c4 e6 3. Nf3 d5 4. Nc3 Bb4 5. Qb3 c5 6. Bg5 Nc6 7. cxd5 exd5 8. e3 cxd4 9. exd4 O-O 10. Bd3 Re8+ 11. Kf1 Bg4 12. Bxf6 Qxf6 13. Nxd5 Qd6 14. Ng5 Be6 15. Nxe6 Qxe6 16. Nxb4 Qxb3 17. axb3 Nxb4 18. Bc4 a6 19. h4 b5 20. Be2 Nc2 21. Rd1 Rad8 22. d5 Rd6 23. Rh3 Nb4 24. Rd4 Nc2 25. Rd2 Nb4 26. Bf3 Re5 27. g4 f5 28. g5 Kf7 29. Bg2 f4 30. Rd4 Nxd5 31. Bxd5+ Rdxd5 32. Rxf4+ Kg6 33. Rc3 Rf5 34. Rxf5 Kxf5 35. Ke2 Kg4 36. Rc7 Kxh4 37. Rxg7 Rxg5 38. Rxh7+ Kg4 39. Rf7 Rc5 40. Kd3 Kg5 41. Rf8 Rd5+ 42. Kc3 Rc5+ 43. Kb4 Rc2 44. Ra8 Rxf2 45. Rxa6 Rxb2 46. Rb6 Kf5 47. Rxb5+ Ke6 48. Rc5 Kd6 49. Rc1 Rh2 50. Kb5 Rh8 51. Rc6+ Kd7 52. b4 Rb8+ 53. Rb6 Ra8 54. Rb7+ Kc8 55. Rh7 Ra1 56. Kb6 Rg1 57. Rh8+ Kd7 58. b5 Rg5 59. Ka6 Rf5 60. b6 Rf1 61. Kb7 Rf7 62. Rh6 Kd8+ 63. Kb8 Rd7 64. b7 1-0

[Event "4NCL 2021-22"]
[Site "England"]
[Date "2022.03.27"]
[Round "6.47"]
[White "Ledger, Stephen C"]
[Black "Schwartz, Julius"]
[Result "0-1"]
[ECO "A45"]
[WhiteElo "2171"]
[BlackElo "2088"]
[Annotator "NA"]
[PlyCount "80"]
[EventDate "2021.11.27"]
[EventType "team-tourn"]
[EventCountry "ENG"]
[SourceTitle "playchess.com"]
[Source "ChessBase"]
[SourceQuality "1"]
[TimeControl "40/6000+30:3000+30"]

1. d4 Nf6 2. Bg5 Ne4 3. Bf4 d5 4. e3 Bf5 5. Nd2 e6 6. Nxe4 Bxe4 7. Nf3 Nd7 8. Bd3 Nf6 9. O-O Bd6 10. Ne5 O-O 11. Bg5 Be7 12. f3 Bxd3 13. Qxd3 h6 14. Bh4 a6 15. c3 c5 16. Rae1 Rc8 17. Re2 Nd7 18. Nxd7 Qxd7 19. Bxe7 Qxe7 20. e4 Rfd8 21. exd5 Rxd5 22. Qc4 Rcd8 23. dxc5 Rxc5 24. Qe4 Rcd5 25. Rfe1 Qc7 26. g3 Rd2 27. Qe3 R2d3 28. Qf2 Qc4 29. a3 Qb3 30. Kg2 Qb5 31. Rc1 Qg5 32. Rce1 Qf5 33. Re5 Qg6 34. R5e3 Rd2 35. R1e2 Qc2 36. Kh3 Qxb2 37. f4 Rxe2 38. Qxe2 Rd2 39. Qc4 Rxh2+ 40. Kg4 f5+ 0-1

[Event "4NCL 2021-22"]
[Site "England"]
[Date "2022.03.27"]
[Round "6.48"]
[White "Roy, Ali"]
[Black "Gamal, Alaa"]
[Result "1-0"]
[ECO "A08"]
[WhiteElo "1883"]
[BlackElo "1701"]
[Annotator "NA"]
[PlyCount "73"]
[EventDate "2021.11.27"]
[EventType "team-tourn"]
[EventCountry "ENG"]
[SourceTitle "playchess.com"]
[Source "ChessBase"]
[SourceQuality "1"]
[TimeControl "40/6000+30:3000+30"]

1. Nf3 c5 2. g3 g6 3. Bg2 Bg7 4. O-O d5 5. d3 Nf6 6. Nbd2 O-O 7. e4 e6 8. c3 d4 9. cxd4 cxd4 10. a4 Nc6 11. Nc4 h6 12. b3 Re8 13. Ba3 e5 14. Nd6 Re6 15. Nxc8 Rxc8 16. Bh3 Re8 17. Bxc8 Qxc8 18. Nd2 Qh3 19. Qf3 h5 20. Nc4 Re6 21. b4 h4 22. Qg2 Qg4 23. f3 Qh5 24. g4 Qh7 25. b5 Nd8 26. h3 Ne8 27. f4 exf4 28. Rxf4 b6 29. Raf1 g5 30. Rf5 Qg6 31. Qh2 Bf8 32. Bxf8 Kxf8 33. Qb8 Ke7 34. Rd5 Nd6 35. Qc7+ Kf8 36. Rxd6 Rxd6 37. Qxd6+ 1-0

[Event "4NCL 2021-22"]
[Site "England"]
[Date "2022.03.27"]
[Round "6.49"]
[White "Cumming, Rhys"]
[Black "Bisby, Daniel L"]
[Result "1-0"]
[ECO "B09"]
[WhiteElo "2360"]
[BlackElo "2296"]
[Annotator "NA"]
[PlyCount "85"]
[EventDate "2021.11.27"]
[EventType "team-tourn"]
[EventCountry "ENG"]
[SourceTitle "playchess.com"]
[Source "ChessBase"]
[SourceQuality "1"]
[TimeControl "40/6000+30:3000+30"]

1. d4 d6 2. e4 g6 3. Nc3 Bg7 4. f4 Nf6 5. Nf3 O-O 6. Bd3 Nc6 7. e5 dxe5 8. fxe5 Nh5 9. Be3 f6 10. exf6 exf6 11. Qd2 f5 12. O-O-O f4 13. Bf2 Kh8 $16 14. Rhe1 Bg4 15. Be2 Qd6 16. d5 Bxf3 17. Bxf3 Ne5 18. Bd4 Nc4 19. Bxg7+ Nxg7 20. Qd4 Ne3 21. Rd3 Rae8 22. Ne4 Qe5 23. Qxe5 Rxe5 24. Nc5 Rfe8 25. Nxb7 Ngf5 26. d6 cxd6 27. Nxd6 Nxd6 28. Rxd6 g5 29. h3 R8e7 30. b3 a5 31. Re2 a4 32. Red2 Rc5 33. Rc6 Rxc6 34. Bxc6 a3 35. Bf3 Kg7 36. c4 Nf5 37. c5 Re1+ 38. Rd1 Re3 39. c6 Kf6 40. Kb1 Rc3 41. Rc1 Rxc1+ 42. Kxc1 Ke5 43. c7 1-0

[Event "4NCL 2021-22"]
[Site "England"]
[Date "2022.03.27"]
[Round "6.50"]
[White "Tanmay Chopra"]
[Black "Forster, Matthew"]
[Result "1-0"]
[ECO "D20"]
[WhiteElo "2313"]
[BlackElo "2060"]
[Annotator "NA"]
[PlyCount "117"]
[EventDate "2021.11.27"]
[EventType "team-tourn"]
[EventCountry "ENG"]
[SourceTitle "playchess.com"]
[Source "ChessBase"]
[SourceQuality "1"]
[TimeControl "40/6000+30:3000+30"]

1. d4 d5 2. c4 dxc4 3. e4 e5 4. Nf3 exd4 5. Bxc4 Bb4+ 6. Nbd2 Be6 7. Bxe6 fxe6 8. Ne5 Bxd2+ 9. Bxd2 Nf6 10. Bb4 Na6 11. Ba3 c5 12. Qa4+ Nd7 13. Rc1 Rc8 14. O-O Rc7 15. Qb5 O-O 16. Nxd7 Qxd7 17. Qxd7 Rxd7 18. Bxc5 Nxc5 19. Rxc5 Rfd8 20. Rd1 Kf7 21. f4 Rd6 22. Kf2 Rc6 23. Rxc6 bxc6 24. Rc1 Rb8 25. b3 Rb6 26. Rc4 Ra6 27. a4 e5 28. fxe5 Ke6 29. Rxd4 Kxe5 30. Rc4 g6 31. Ke3 Rb6 32. b4 Kd6 33. Kd4 Rb8 34. e5+ Kd7 35. Kc5 Re8 36. Rd4+ Kc7 37. Re4 Re6 38. h4 h6 39. Re2 Re7 40. e6 g5 41. h5 Re8 42. Re4 Re7 43. g4 Re8 44. Re1 Re7 45. Re2 Re8 46. b5 cxb5 47. axb5 Re7 48. Kd5 Kd8 49. Ke5 Rb7 50. Kf6 Ke8 51. Rc2 Rb8 52. Rc7 Kf8 53. Rxa7 Kg8 54. Kg6 Re8 55. e7 Rb8 56. Rb7 Re8 57. Rd7 Rb8 58. Rd8+ Rxd8 59. exd8=R# 1-0

[Event "4NCL 2021-22"]
[Site "England"]
[Date "2022.03.27"]
[Round "6.51"]
[White "Payne, Matthew J"]
[Black "Hill, Alistair"]
[Result "1/2-1/2"]
[ECO "B50"]
[WhiteElo "2158"]
[BlackElo "2236"]
[Annotator "ChessBase"]
[PlyCount "26"]
[EventDate "2021.11.27"]
[EventType "team-tourn"]
[EventCountry "ENG"]
[SourceTitle "playchess.com"]
[Source "ChessBase"]
[SourceQuality "1"]
[TimeControl "40/6000+30:3000+30"]

1. e4 c5 2. Nc3 e6 3. Nf3 d6 4. d4 cxd4 5. Qxd4 a6 6. Be3 Nc6 7. Qb6 Nf6 8. O-O-O Nd7 9. Qxd8+ Kxd8 10. Na4 Be7 11. Nb6 Rb8 12. Nd2 Nf6 13. Be2 Kc7 1/2-1/2

[Event "4NCL 2021-22"]
[Site "England"]
[Date "2022.03.27"]
[Round "6.52"]
[White "Robertson, J Stuart"]
[Black "Bucher, Grant W"]
[Result "1/2-1/2"]
[ECO "A84"]
[WhiteElo "2174"]
[BlackElo "2060"]
[Annotator "NA"]
[PlyCount "126"]
[EventDate "2021.11.27"]
[EventType "team-tourn"]
[EventCountry "ENG"]
[SourceTitle "playchess.com"]
[Source "ChessBase"]
[SourceQuality "1"]
[TimeControl "40/6000+30:3000+30"]

1. d4 d5 2. c4 e6 3. Nc3 c6 4. e3 f5 5. Bd3 Nf6 6. Nge2 Bd6 7. Qc2 Ne4 8. O-O O-O 9. f3 Nxc3 10. bxc3 b6 11. cxd5 exd5 12. c4 dxc4 13. Bxc4+ Kh8 14. Bb2 Qc7 15. f4 Ba6 16. Ng3 Bxc4 17. Qxc4 Qf7 18. Qxf7 Rxf7 19. Rac1 c5 20. e4 fxe4 21. Nxe4 Bc7 22. Ng5 Rd7 23. dxc5 bxc5 24. f5 Nc6 25. f6 gxf6 26. Rxf6 Nd4 27. Ne6 Be5 28. Rf2 Nxe6 29. Bxe5+ Kg8 30. Rf6 Re8 31. Rc4 Rg7 32. Rxe6 Rxe6 33. Bxg7 Kxg7 34. Rxc5 Ra6 35. Rc2 Kf6 36. Re2 Kf5 37. Kf2 h5 38. Ke3 Kg4 39. Kd4 h4 40. Kc5 h3 41. gxh3+ Kxh3 42. Kb5 Rh6 43. a4 Kg4 44. Rf2 Kg5 45. a5 a6+ 46. Kc5 Kg4 47. Rd2 Kf4 48. Rd6 Rxh2 49. Kb6 Ke5 50. Rg6 Kd5 51. Kxa6 Kc5 52. Rb6 Ra2 53. Rb1 Kc6 54. Rc1+ Kd7 55. Kb6 Rb2+ 56. Ka7 Rb3 57. a6 Rb2 58. Ka8 Ra2 59. a7 Rb2 60. Rh1 Kc8 61. Rh8+ Kc7 62. Rb8 Rc2 63. Rc8+ Kxc8 1/2-1/2

[Event "4NCL 2021-22"]
[Site "England"]
[Date "2022.03.27"]
[Round "6.53"]
[White "Kolani, Arjun"]
[Black "Lee, Richard W Y"]
[Result "1-0"]
[ECO "C10"]
[WhiteElo "2035"]
[BlackElo "2125"]
[Annotator "NA"]
[PlyCount "75"]
[EventDate "2021.11.27"]
[EventType "team-tourn"]
[EventCountry "ENG"]
[SourceTitle "playchess.com"]
[Source "ChessBase"]
[SourceQuality "1"]
[TimeControl "40/6000+30:3000+30"]

1. e4 e6 2. d4 d5 3. Nc3 dxe4 4. Nxe4 Bd7 5. Nf3 Bc6 6. Bd3 Nd7 7. c3 Ngf6 8. Nxf6+ Nxf6 9. O-O Bxf3 10. Qxf3 c6 11. b3 Be7 12. Bb2 Qd5 13. Qe2 Qh5 14. Qxh5 Nxh5 15. f4 O-O 16. g4 Nf6 17. g5 Nd7 18. c4 Rad8 19. Be4 Rfe8 20. Bg2 Bf8 21. Rad1 Nb6 22. a4 Nc8 23. d5 exd5 24. cxd5 cxd5 25. Bxd5 Bc5+ 26. Kh1 Nd6 27. f5 Re2 28. Bc3 Rde8 29. g6 Rc2 30. Be1 h6 31. Bg3 Kf8 32. Bg2 Ne4 33. Bxe4 Rxe4 34. f6 fxg6 35. Rd8+ Kf7 36. Rd7+ Kg8 37. f7+ Kh7 38. Rc7 1-0

[Event "4NCL 2021-22"]
[Site "England"]
[Date "2022.03.27"]
[Round "6.54"]
[White "Stewart, Ashley"]
[Black "Graham, David B"]
[Result "1-0"]
[ECO "A36"]
[WhiteElo "2062"]
[BlackElo "2128"]
[Annotator "NA"]
[PlyCount "131"]
[EventDate "2021.11.27"]
[EventType "team-tourn"]
[EventCountry "ENG"]
[SourceTitle "playchess.com"]
[Source "ChessBase"]
[SourceQuality "1"]
[TimeControl "40/6000+30:3000+30"]

1. c4 g6 2. Nc3 Bg7 3. g3 d6 4. Bg2 c5 5. Nf3 Nc6 6. O-O e6 7. a3 Nge7 8. Rb1 O-O 9. b4 b6 10. Qa4 Bb7 11. Bb2 Qd7 12. e3 Rfd8 13. d3 Rac8 14. Ne4 Ne5 15. Qxd7 Rxd7 16. Nxe5 dxe5 17. bxc5 Bxe4 18. Bxe4 bxc5 19. Rfd1 Rcd8 20. Bc3 f5 21. Ba5 Rf8 22. Bg2 f4 23. Be4 fxe3 24. fxe3 Bh6 25. Bd2 Nf5 26. Re1 Rfd8 27. g4 Nd6 28. Bc6 Rf7 29. Ba5 Rdf8 30. Re2 e4 31. Bxe4 Nxe4 32. dxe4 Rd7 33. Rb3 Rd1+ 34. Re1 Rfd8 35. Rxd1 Rxd1+ 36. Kf2 Bg5 37. Ke2 Rh1 38. Bc7 Rg1 39. Kf3 Rf1+ 40. Ke2 Rg1 41. Bg3 Rc1 42. Rb8+ Kg7 43. Rb7+ Kg8 44. Kd3 Rd1+ 45. Kc2 Rd8 46. Rxa7 Bxe3 47. a4 Rd2+ 48. Kc3 Ra2 49. Kb3 Ra1 50. Be5 Rb1+ 51. Kc2 Rc1+ 52. Kd3 Bd4 53. Bxd4 Rd1+ 54. Kc3 cxd4+ 55. Kb4 Rb1+ 56. Kc5 e5 57. Rd7 Ra1 58. Kb5 Rb1+ 59. Kc6 Rb4 60. c5 Rxa4 61. Kb5 Ra1 62. c6 Rb1+ 63. Ka6 Kf8 64. c7 Ra1+ 65. Kb5 Rb1+ 66. Ka4 1-0

[Event "4NCL 2021-22"]
[Site "England"]
[Date "2022.03.27"]
[Round "6.55"]
[White "Willson, Ollie"]
[Black "Chan, Nevil"]
[Result "1-0"]
[ECO "B00"]
[WhiteElo "2108"]
[BlackElo "2010"]
[Annotator "NA"]
[PlyCount "59"]
[EventDate "2021.11.27"]
[EventType "team-tourn"]
[EventCountry "ENG"]
[SourceTitle "playchess.com"]
[Source "ChessBase"]
[SourceQuality "1"]
[TimeControl "40/6000+30:3000+30"]

1. e4 Nc6 2. d4 e5 3. d5 Nce7 4. Nf3 Ng6 5. h4 h5 6. g3 Nf6 7. Bg5 Bc5 8. Bg2 d6 9. Qd3 Nf8 10. Nbd2 a6 11. c4 N8h7 12. Be3 Bxe3 13. Qxe3 c6 14. O-O c5 15. a3 O-O 16. b4 b6 17. Qc3 Bd7 18. bxc5 bxc5 19. Rab1 Qc7 20. Ne1 Rfb8 21. Nd3 Ne8 22. f4 exf4 23. gxf4 Rxb1 24. Rxb1 Rb8 25. Rxb8 Qxb8 26. Qa5 Bg4 27. Kf2 Bd1 28. Bh3 Qc7 29. Qxc7 Nxc7 30. e5 1-0

[Event "4NCL 2021-22"]
[Site "England"]
[Date "2022.03.27"]
[Round "6.56"]
[White "Gooding, Ian"]
[Black "Graham, Cassie M"]
[Result "1-0"]
[ECO "B76"]
[WhiteElo "1932"]
[BlackElo "1978"]
[Annotator "NA"]
[PlyCount "57"]
[EventDate "2021.11.27"]
[EventType "team-tourn"]
[EventCountry "ENG"]
[SourceTitle "playchess.com"]
[Source "ChessBase"]
[SourceQuality "1"]
[TimeControl "40/6000+30:3000+30"]

1. e4 c5 2. Nf3 d6 3. d4 cxd4 4. Nxd4 Nf6 5. Nc3 g6 6. Be3 Bg7 7. f3 O-O 8. Qd2 Nc6 9. O-O-O d5 10. Qe1 e5 11. Nxc6 bxc6 12. exd5 Nxd5 13. Bc4 Be6 14. Bc5 Re8 15. Ne4 a5 16. g4 h6 17. h4 Rb8 18. Bb3 Rxb3 19. axb3 Qa8 20. Ba3 Nf6 21. g5 Nd7 22. h5 gxh5 23. gxh6 Bxh6+ 24. Kb1 f5 25. Qg3+ Kf7 26. Nd6+ Kf6 27. Rxh5 Rh8 28. Qh4+ Kg7 29. Rg1+ 1-0

[Event "4NCL 2021-22"]
[Site "England"]
[Date "2022.03.27"]
[Round "6.57"]
[White "Ratnesan, Ranesh"]
[Black "Kosten, Anthony C."]
[Result "1/2-1/2"]
[ECO "E11"]
[WhiteElo "2258"]
[BlackElo "2367"]
[Annotator "ChessBase"]
[PlyCount "63"]
[EventDate "2021.11.27"]
[EventType "team-tourn"]
[EventCountry "ENG"]
[SourceTitle "playchess.com"]
[Source "ChessBase"]
[SourceQuality "1"]
[TimeControl "40/6000+30:3000+30"]

1. d4 Nf6 2. c4 e6 3. Nf3 Bb4+ 4. Bd2 Qe7 5. e3 Bxd2+ 6. Qxd2 O-O 7. Nc3 d6 8. Bd3 e5 9. Bc2 Nbd7 10. O-O Nb6 11. b3 Bg4 12. Ng5 h6 13. Nge4 Nxe4 14. Bxe4 c6 15. f3 Bd7 16. Rae1 f5 17. Bb1 Rae8 18. f4 e4 19. a4 a5 20. d5 c5 21. g4 Qh4 22. Qg2 Rf6 23. Qg3 Qxg3+ 24. hxg3 Rg6 25. gxf5 Bxf5 26. Kf2 Nd7 27. Rh1 Nf6 28. Reg1 Bg4 29. Ke1 Kf8 30. Bc2 h5 31. Bd1 Bxd1 32. Nxd1 1/2-1/2

[Event "4NCL 2021-22"]
[Site "England"]
[Date "2022.03.27"]
[Round "6.59"]
[White "Merriman, John"]
[Black "Swindells, Jonathan E"]
[Result "1-0"]
[ECO "A65"]
[WhiteElo "2261"]
[BlackElo "2245"]
[Annotator "NA"]
[PlyCount "96"]
[EventDate "2021.11.27"]
[EventType "team-tourn"]
[EventCountry "ENG"]
[SourceTitle "playchess.com"]
[Source "ChessBase"]
[SourceQuality "1"]
[TimeControl "40/6000+30:3000+30"]

1. d4 Nf6 2. c4 g6 3. Nc3 Bg7 4. e4 d6 5. f3 O-O 6. Bg5 c5 7. d5 e6 8. Nge2 h6 9. Be3 exd5 10. cxd5 a6 11. a4 Re8 12. Qd2 h5 13. Nc1 Nbd7 14. Be2 Nh7 15. Nd3 Qe7 16. O-O f5 17. Nf2 h4 18. Bh6 Bxh6 19. Qxh6 Qg5 20. Qxg5 Nxg5 21. exf5 gxf5 22. f4 Ne4 23. Nfxe4 fxe4 24. f5 Nf6 25. Rf4 Kg7 26. Raf1 Re5 27. Rxh4 b5 28. axb5 axb5 29. Bxb5 Rxf5 30. Nxe4 Rxf1+ 31. Kxf1 Ra1+ 32. Kf2 Rb1 33. Nxd6 Rxb2+ 34. Kf3 Bg4+ 35. Kf4 Rxg2 36. Ne8+ Nxe8 37. Bxe8 Bc8 38. d6 Rd2 39. Ke5 Re2+ 40. Re4 Rxe4+ 41. Kxe4 Kf6 42. Kd5 Be6+ 43. Kxc5 Bf5 44. Kc6 Be4+ 45. Kc7 Bf5 46. Bd7 Bc2 47. Bg4 Ba4 48. Bf3 Ke5 1-0

[Event "4NCL 2021-22"]
[Site "England"]
[Date "2022.03.27"]
[Round "6.60"]
[White "Baker, Chris W"]
[Black "Hand, Freddie"]
[Result "1-0"]
[ECO "C55"]
[WhiteElo "2258"]
[BlackElo "2181"]
[Annotator "NA"]
[PlyCount "67"]
[EventDate "2021.11.27"]
[EventType "team-tourn"]
[EventCountry "ENG"]
[SourceTitle "playchess.com"]
[Source "ChessBase"]
[SourceQuality "1"]
[TimeControl "40/6000+30:3000+30"]

1. e4 e5 2. Bc4 Nf6 3. d3 Nc6 4. Nf3 Be7 5. O-O O-O 6. Re1 d6 7. a4 Kh8 8. c3 Ng8 9. d4 f5 10. dxe5 fxe4 11. exd6 Bxd6 12. Ng5 Ne5 13. Bxg8 Kxg8 14. Nxe4 Bf5 15. Bg5 Qd7 16. Nxd6 cxd6 17. Qd4 h6 18. Bh4 Rfe8 19. Nd2 Nd3 20. Rxe8+ Rxe8 21. Bg3 Re2 22. Nf1 Rxb2 23. Ne3 Bg6 24. Rd1 Kh8 25. h4 Qc6 26. Rxd3 Bxd3 27. Qxd3 Qxa4 28. Qxd6 Rb1+ 29. Kh2 Qe8 30. Be5 Rb6 31. Qc7 Rg6 32. f4 Qc6 33. Qd8+ Kh7 34. f5 1-0

[Event "4NCL 2021-22"]
[Site "England"]
[Date "2022.03.27"]
[Round "6.61"]
[White "Young, Daniel J"]
[Black "Snape, Ian L"]
[Result "1-0"]
[ECO "B76"]
[WhiteElo "1938"]
[BlackElo "2169"]
[Annotator "NA"]
[PlyCount "136"]
[EventDate "2021.11.27"]
[EventType "team-tourn"]
[EventCountry "ENG"]
[SourceTitle "playchess.com"]
[Source "ChessBase"]
[SourceQuality "1"]
[TimeControl "40/6000+30:3000+30"]

1. e4 c5 2. Nf3 d6 3. d4 cxd4 4. Nxd4 Nf6 5. Nc3 g6 6. Be3 Bg7 7. f3 O-O 8. Qd2 Nc6 9. O-O-O d5 10. exd5 Nxd5 11. Nxc6 bxc6 12. Bd4 Bxd4 13. Qxd4 Qb6 14. Na4 Qa5 15. Nc5 e5 16. Nb3 Qxa2 17. Qxe5 Bf5 18. Bd3 Rfe8 19. Qd4 Bxd3 20. Rxd3 Nb6 21. Kd2 Qa4 22. Qxa4 Nxa4 23. Ra1 Nxb2 24. Rd4 Red8 25. Kc3 Rxd4 26. Nxd4 c5 27. Nc6 Re8 28. Kxb2 Re2 29. Rg1 a6 30. Kc3 f5 31. Kd3 Re6 32. Na5 Rd6+ 33. Kc3 Re6 34. Kc4 Re2 35. c3 Ra2 36. Nb3 Kf7 37. Kxc5 a5 38. Nd4 Rb2 39. Ra1 Rxg2 40. Rxa5 Rxh2 41. Kd6 h5 42. c4 Kf6 43. c5 Rd2 44. Kd5 h4 45. Ra6+ Kg5 46. c6 h3 47. c7 h2 48. c8=Q h1=Q 49. Rxg6+ Kf4 50. Qxf5+ Ke3 51. Qe4+ Kf2 52. f4 Qh3 53. f5 Qb3+ 54. Ke5 Qb8+ 55. Rd6 Qh8+ 56. f6 Qe8+ 57. Kf4 Qb8 58. Qe3+ Kf1 59. Qh3+ Kf2 60. Qe3+ Kf1 61. Qe5 Qc7 62. Qd5 Qh7 63. Qc4+ Kg2 64. Qc6+ Kf2 65. Qf3+ Kg1 66. Ne2+ Rxe2 67. Qxe2 Qh6+ 68. Kf5 Qh7+ 1-0

[Event "4NCL 2021-22"]
[Site "England"]
[Date "2022.03.27"]
[Round "6.62"]
[White "Ahluwalia, Amardip"]
[Black "Skettos, Nicolas"]
[Result "1/2-1/2"]
[ECO "A21"]
[WhiteElo "2230"]
[BlackElo "1940"]
[Annotator "ChessBase"]
[PlyCount "68"]
[EventDate "2021.11.27"]
[EventType "team-tourn"]
[EventCountry "ENG"]
[SourceTitle "playchess.com"]
[Source "ChessBase"]
[SourceQuality "1"]
[TimeControl "40/6000+30:3000+30"]

1. c4 e5 2. g3 d6 3. Bg2 f5 4. Nc3 Nf6 5. d3 Be7 6. e3 O-O 7. Nge2 c6 8. Rb1 a5 9. a3 Na6 10. O-O Qe8 11. d4 Qh5 12. f4 e4 13. Bd2 h6 14. Nc1 Qf7 15. b3 g5 16. N1e2 g4 17. Re1 h5 18. Na4 Bd8 19. Nec3 h4 20. Kf2 Kg7 21. Qc2 Rh8 22. Rh1 Bd7 23. Ne2 Rc8 24. Rhe1 Bc7 25. Rbc1 Rh5 26. Qb1 Rch8 27. Qa1 Bd8 28. Qb1 Kg6 29. Nb2 R5h6 30. Na4 Nh5 31. Rcd1 Qh7 32. Nac3 Nf6 33. Na4 b6 34. Rc1 Qe7 1/2-1/2

[Event "4NCL 2021-22"]
[Site "England"]
[Date "2022.03.27"]
[Round "6.63"]
[White "Bansal, Rohan"]
[Black "Duggan, John E"]
[Result "0-1"]
[ECO "A25"]
[WhiteElo "1971"]
[BlackElo "2085"]
[Annotator "NA"]
[PlyCount "100"]
[EventDate "2021.11.27"]
[EventType "team-tourn"]
[EventCountry "ENG"]
[SourceTitle "playchess.com"]
[Source "ChessBase"]
[SourceQuality "1"]
[TimeControl "40/6000+30:3000+30"]

1. c4 Nf6 2. Nc3 e5 3. g3 Nc6 4. Bg2 b6 5. Nf3 Rb8 6. O-O Bb7 7. d3 Be7 8. a3 a5 9. Nd5 O-O 10. e4 Ne8 11. b3 Bc8 12. d4 exd4 13. Nxe7+ Qxe7 14. Nxd4 Nxd4 15. Qxd4 d6 16. Bb2 Bb7 17. Rfe1 Qf6 18. e5 dxe5 19. Qxe5 Qxe5 20. Bxe5 Bxg2 21. Kxg2 f6 22. Bc3 Nd6 23. Rad1 Rfe8 24. Rxe8+ Rxe8 25. Kf1 Kf7 26. a4 Ne4 27. Be1 Ke6 28. b4 axb4 29. Bxb4 c5 30. Re1 Kd7 31. Rd1+ Kc6 32. Be1 Nd6 33. a5 bxa5 34. Bxa5 Nxc4 35. Bc3 Re7 36. Rb1 Nb6 37. Rc1 Na4 38. Bd2 Kb5 39. Rb1+ Kc4 40. Rc1+ Kb3 41. Be3 c4 42. Ke2 c3 43. Ra1 c2 44. Kd3 Nb2+ 45. Kd4 Rd7+ 46. Ke4 Na4 47. Kf5 Rd6 48. Bf4 g6+ 49. Ke4 Rd1 50. Bc1 Nc3+ 0-1

[Event "4NCL 2021-22"]
[Site "England"]
[Date "2022.03.27"]
[Round "6.64"]
[White "Agrawal, Shivam"]
[Black "Merriman, James"]
[Result "0-1"]
[ECO "A73"]
[WhiteElo "1726"]
[BlackElo "1861"]
[Annotator "NA"]
[PlyCount "100"]
[EventDate "2021.11.27"]
[EventType "team-tourn"]
[EventCountry "ENG"]
[SourceTitle "playchess.com"]
[Source "ChessBase"]
[SourceQuality "1"]
[TimeControl "40/6000+30:3000+30"]

1. d4 Nf6 2. c4 e6 3. Nf3 c5 4. d5 d6 5. Nc3 exd5 6. cxd5 g6 7. e4 a6 8. a4 Bg4 9. Be2 Bg7 10. O-O O-O 11. Re1 Re8 12. h3 Bxf3 13. Bxf3 Nbd7 14. g3 Rb8 15. Bf4 Ne5 16. Bxe5 Rxe5 17. Bg2 Re7 18. Qd3 Nd7 19. a5 Ne5 20. Qb1 c4 21. Rd1 b5 22. axb6 Qxb6 23. Qa2 Nd3 24. Rd2 Nxb2 25. Rc2 Qb3 26. Qb1 Bxc3 27. Rxa6 Nd3 28. Qa2 Qxa2 29. Raxa2 Nb4 30. Rxc3 Nxa2 31. Rxc4 Nb4 32. f4 f6 33. Kf2 Nd3+ 34. Ke3 Nc5 35. Kd4 Rb3 36. Rxc5 dxc5+ 37. Kxc5 Rxg3 38. Kd6 Kf8 39. e5 fxe5 40. fxe5 Rxg2 41. e6 Re2 42. h4 Re4 43. Kc5 R7xe6 44. dxe6 Rxe6 45. Kd5 Kf7 46. Kd4 h6 47. Kd5 g5 48. h5 g4 49. Kd4 g3 50. Kd5 g2 0-1

[Event "4NCL 2021-22"]
[Site "England"]
[Date "2022.03.27"]
[Round "6.65"]
[White "Modi, Shyam Jagdish"]
[Black "Sarakauskas, Gediminas"]
[Result "0-1"]
[ECO "D23"]
[WhiteElo "2128"]
[BlackElo "2423"]
[Annotator "NA"]
[PlyCount "74"]
[EventDate "2021.11.27"]
[EventType "team-tourn"]
[EventCountry "ENG"]
[SourceTitle "playchess.com"]
[Source "ChessBase"]
[SourceQuality "1"]
[TimeControl "40/6000+30:3000+30"]

1. d4 d5 2. c4 c6 3. Nf3 Nf6 4. Qb3 dxc4 5. Qxc4 Bf5 6. g3 e6 7. Bg2 Be7 8. O-O O-O 9. Nc3 Nbd7 10. Re1 Ne4 11. Bf4 h6 12. Qb3 Qb6 13. Nh4 Bxh4 (13... Qxd4 $2 14. Nxe4 Bxe4 15. Red1 $18) 14. gxh4 Nxc3 15. bxc3 e5 16. dxe5 Rfe8 17. Be3 Qxb3 18. axb3 Nxe5 $11 19. Bxa7 Ng6 20. Bd4 Rxa1 21. Rxa1 Rxe2 22. h3 Nxh4 23. Ra8+ Kh7 24. Ra7 Bc8 25. Ra8 Be6 26. Rb8 Re1+ 27. Kh2 Nxg2 28. Kxg2 Bxb3 29. Kh2 b5 30. Rd8 Bd5 31. Rd6 g5 32. h4 Rh1+ 33. Kg3 Rxh4 34. Rf6 b4 35. Be5 Re4 36. f4 b3 37. c4 gxf4+ 0-1

[Event "4NCL 2021-22"]
[Site "England"]
[Date "2022.03.27"]
[Round "6.66"]
[White "Wall, Gavin"]
[Black "Williams, Samuel G"]
[Result "1/2-1/2"]
[ECO "C44"]
[WhiteElo "2312"]
[BlackElo "2239"]
[Annotator "ChessBase"]
[PlyCount "31"]
[EventDate "2021.11.27"]
[EventType "team-tourn"]
[EventCountry "ENG"]
[SourceTitle "playchess.com"]
[Source "ChessBase"]
[SourceQuality "1"]
[TimeControl "40/6000+30:3000+30"]

1. e4 e5 2. Nf3 Nf6 3. d3 Nc6 4. Be2 d5 5. exd5 Nxd5 6. O-O Be6 7. Re1 Qd7 8. a3 a5 9. Bf1 Bd6 10. Nbd2 f6 11. Ne4 Be7 12. d4 exd4 13. Nxd4 Nxd4 14. Qxd4 Qc6 15. Bc4 Rd8 16. Bxd5 1/2-1/2